 Dungeon Crawl Stone Soup version 0.20-a0-517-g5f97612 (webtiles) character file.

5098 Asddderdsw the Cudgeler (level 10, -16/80 HPs)
             Began as a Grey Draconian Fire Elementalist on Jan 24, 2017.
             Demolished by a komodo dragon (27 damage)
             ... on level 8 of the Dungeon.
             The game lasted 01:23:53 (9379 turns).

Asddderdsw the Cudgeler (DrFE)                      Turns: 9379, Time: 01:23:53

Health: -16/80     AC: 15    Str: 11    XL:     10   Next: 32%
Magic:  12/19      EV: 16    Int: 18    God:
Gold:   298        SH:  0    Dex: 16    Spells: 3/21 levels left

rFire    + . .     SeeInvis .   M - +4 flail (holy)
rCold    . . .     Gourm    .   (armour unavailable)
rNeg     . . .     Faith    .   (no shield)
rPois    .         Spirit   .   u - +2 hat
rElec    .         Reflect  .   (no cloak)
rCorr    .         Harm     .   P - +0 pair of gloves
MR       .....                  (no boots)
Stlth    ++........             (no amulet)
Regen    0.3/turn               H - ring of protection from fire
                                O - +4 ring of dexterity

@: exhausted, slowed, very slow
A: walk through water, unfitting armour, unbreathing, cold-blooded, AC +12
a: no special abilities


You were on level 8 of the Dungeon.
You were hungry.

You visited 2 branches of the dungeon, and saw 9 of its levels.

You collected 298 gold pieces.

Inventory:

Hand Weapons
 d - a +0 spear
 k - a +2 spear of freezing
 w - a +0 rapier
 B - a +1 hand axe of venom
 C - a +0 hunting sling
 D - a +2 whip of holy wrath
 G - a +0 long sword
 J - a +3 dagger
 M - a +4 flail of holy wrath (weapon)
 Q - a +1 dagger of distortion
 T - a +0 shortbow
 V - a +2 dagger of chaos
 W - a +0 scimitar of flaming
Missiles
 c - 235 stones (quivered)
 i - 27 poisoned needles
 o - 25 bolts
 s - 165 arrows
 v - 9 tomahawks
Armour
 u - a +2 hat (worn)
 P - a +0 pair of gloves (worn)
Jewellery
 y - an uncursed ring of resist corrosion
 H - a ring of protection from fire (right hand)
 O - a +4 ring of dexterity (left hand)
 U - an uncursed amulet of guardian spirit {unknown}
Wands
 F - a wand of disintegration (9/24)
Scrolls
 f - a scroll of amnesia {unknown}
 h - 6 scrolls of teleportation
 l - 2 scrolls of magic mapping {unknown}
 n - a scroll of random uselessness {unknown}
 p - 4 scrolls of fog {unknown}
 t - 8 scrolls of remove curse
 I - a scroll of blinking {unknown}
 K - 5 scrolls of identify
 L - a scroll of recharging {unknown}
Potions
 e - 8 potions of curing
 g - 2 potions of berserk rage
 j - 3 potions of lignification
 m - 2 potions of cancellation {unknown}
 q - 2 potions of might {unknown}
 r - 3 potions of heal wounds {unknown}
 z - a potion of cure mutation {unknown}
 A - 3 potions of degeneration {unknown}
 E - a potion of magic {unknown}
 N - 2 potions of brilliance {unknown}
Books
 a - a book of Flames

   Spells                             Type                      Level
   a - Flame Tongue                   Conjuration/Fire             1
   b - Throw Flame                    Conjuration/Fire             2
   c - Conjure Flame                  Conjuration/Fire             3
   d - Inner Flame                    Hexes/Fire                   3
   e - Sticky Flame                   Conjuration/Fire             4
   f - Fireball                       Conjuration/Fire             5
Comestibles
 b - 4 bread rations
 x - 14 royal jellies
 R - 2 fruits
 S - a meat ration


   Skills:
 + Level 4.6 Fighting
 + Level 7.6 Maces & Flails
 + Level 0.4 Polearms
 + Level 0.1 Throwing
 + Level 5.5 Dodging
 + Level 3.3 Stealth
 + Level 6.1 Spellcasting
 + Level 6.1 Conjurations
 + Level 6.6 Fire Magic


You had 3 spell levels left.
You knew the following spells:

 Your Spells              Type           Power        Failure   Level  Hunger
a - Flame Tongue          Conj/Fire      ####.        1%          1    None
b - Throw Flame           Conj/Fire      ####..       1%          2    None
c - Conjure Flame         Conj/Fire      ####....     2%          3    ##.....
d - Inner Flame           Hex/Fire       ###.....     12%         3    ##.....
e - Sticky Flame          Conj/Fire      ####....     12%         4    ####...
f - Fireball              Conj/Fire      ####......   28%         5    #####..


Dungeon Overview and Level Annotations

Branches:
Dungeon (8/15)             Temple (1/1) D:5
   Lair: D:8-11

Altars:
Cheibriados
Dithmenos
Qazlal
Sif Muna
Trog
Uskayaw
Vehumet
Yredelemnul

Annotations:
D:4 Edmund


Innate Abilities, Weirdness & Mutations

You can walk through water.
Your dull iron-grey scales are very hard. (AC +12)
You cannot fit into any form of body armour.
You can survive without breathing.
You are cold-blooded and may be slowed by cold attacks.


Message History

You are too berserk!
You are too berserk!
You are too berserk!
You are too berserk!
Unknown command.
You feel a strong urge to attack something.
You feel your anger subside.
You are no longer berserk.
You are exhausted.
You feel yourself slow down.
The komodo dragon is engulfed in roaring flames.
You closely miss the komodo dragon.
The komodo dragon is moderately wounded.
The komodo dragon bites you!
* * * LOW HITPOINT WARNING * * *
The komodo dragon completely misses you.
You hit the komodo dragon.
The komodo dragon is heavily wounded.
The komodo dragon completely misses you.
The komodo dragon bites you!!
You die...

......# #.............)..#
#####.# #.)..........##..# #....#
#.# #)#......##### #.# #....#
#.###.#.####.# #####.###....#
#.....#....#.# #......##....#
#######.#..#.###.####.##....#
######.........#.#...W†.#..#....#
...............#.#.#.##.##.#....#
#########...<..#@#.#.##.##......#
#...#...#)##...#l#.#.##.###.....#
#.#.#.#.#......#.#.#....###.....#
#.#.#.#.#....#.#§#.##.....W.)≈≈..
#.#.#.#.#....#.#...##............
#.#.#.#.#....#.######............
#.#.#.#.#....#.# #...≈........
#.#.#.#.#....#.# #...≈.#...###
..#...#........# #...≈.##.....


You could see a komodo dragon.

Vanquished Creatures
  Erica (D:8)
  The ghost of idontknow the Fighter, a novice GrMo of Gozag (D:8)
  Psyche (D:8)
  2 hippogriffs (D:8)
  A wyvern (D:8)
  Eustachio (D:5)
  2 soldier ants (D:8)
  An orc warrior (D:7)
  A black bear (D:6)
  2 ice beasts
  A phantom (D:3)
  3 ogres
  2 centaurs
  A big kobold (D:8)
  4 bullfrogs
  A wyvern zombie (D:8)
  A scorpion (D:8)
  A jelly (D:8)
  5 killer bees (D:7)
  6 electric eels (D:7)
  3 bullfrog zombies (D:5)
  2 crimson imps
  2 hounds (D:6)
  2 orc priests
  Jessica (D:2)
  An iguana (D:7)
  6 orc wizards
  4 worker ants
  A hound skeleton (D:5)
  6 hound zombies
  A howler monkey zombie (D:5)
  A worker ant zombie (D:5)
  9 adders
  6 gnolls
  A shadow imp (D:8)
  An ooze (D:3)
  An adder skeleton (D:5)
  6 worms
  4 leopard geckos
  19 orcs
  5 giant cockroaches
  9 goblins
  6 hobgoblins
  9 jackals
  10 kobolds
  3 quokkas
  A ball python zombie (D:5)
  8 bats
  8 frilled lizards
  A jackal zombie (D:8)
  2 leopard gecko zombies (D:5)
  2 quokka zombies (D:5)
  10 rats
  3 plants (D:7)
192 creatures vanquished.

Vanquished Creatures (others)
  A jackal (D:7)
  19 plants (D:8)
20 creatures vanquished.

Grand Total: 212 creatures vanquished

Notes
Turn   | Place    | Note
-------+----------+-------------------------------------------
     0 | D:1      | Asddderdsw the Draconian Fire Elementalist began the quest for the Orb.
     0 | D:1      | Reached XP level 1. HP: 14/14 MP: 3/3
   492 | D:1      | Reached XP level 2. HP: 13/20 MP: 0/5
   579 | D:1      | Learned a level 2 spell: Throw Flame
  1209 | D:2      | Reached XP level 3. HP: 22/26 MP: 4/6
  1217 | D:2      | Learned a level 3 spell: Conjure Flame
  1293 | D:2      | Noticed a moth of wrath
  1296 | D:2      | Found a bloodstained altar of Trog.
  1303 | D:2      | HP: 1/26 [worm (6)]
  1628 | D:2      | Noticed Jessica
  1633 | D:2      | Killed Jessica
  1698 | D:2      | Reached XP level 4. HP: 30/34 MP: 1/7
  1956 | D:2      | Found a faded altar of an unknown god.
  2986 | D:3      | Reached skill level 1 in Fighting
  3252 | D:3      | Reached skill level 1 in Maces & Flails
  3259 | D:3      | Reached XP level 5. HP: 31/40 MP: 0/9
  3360 | D:3      | Noticed a phantom
  3735 | D:3      | Killed a phantom
  4158 | D:3      | Reached XP level 6. HP: 47/47 MP: 8/10
  4160 | D:3      | Reached skill level 2 in Maces & Flails
  4303 | D:3      | Learned a level 3 spell: Inner Flame
  4455 | D:4      | Noticed a water elemental
  4457 | D:4      | Found a stormy altar of Qazlal.
  4459 | D:4      | Noticed an air elemental
  4465 | D:4      | Noticed a fire elemental
  4535 | D:4      | Found a shadowy altar of Dithmenos.
  4535 | D:4      | Found a radiant altar of Vehumet.
  4641 | D:4      | Noticed Edmund
  4681 | D:5      | Entered Level 5 of the Dungeon
  4846 | D:5      | Found a staircase to the Ecumenical Temple.
  4907 | Temple   | Entered the Ecumenical Temple
  5013 | D:5      | Your scales start taking on a dull iron-grey colour.
  5013 | D:5      | Reached XP level 7. HP: 48/53 MP: 4/12
  5013 | D:5      | Gained mutation: You can survive without breathing. [Grey Draconian growth]
  5014 | D:5      | Reached skill level 3 in Maces & Flails
  5086 | D:5      | Found a hide-covered altar of Uskayaw.
  5086 | D:5      | Found a basalt altar of Yredelemnul.
  5468 | D:5      | Found a basalt altar of Yredelemnul.
  5601 | D:6      | Learned a level 4 spell: Sticky Flame
  5783 | D:6      | Noticed Eustachio
  5807 | D:5      | Killed Eustachio
  5807 | D:5      | Reached skill level 4 in Maces & Flails
  5807 | D:5      | Reached XP level 8. HP: 57/62 MP: 0/14
  6017 | D:6      | Reached skill level 5 in Fire Magic
  6459 | D:7      | Reached skill level 5 in Maces & Flails
  7459 | D:7      | Reached XP level 9. HP: 70/70 MP: 14/16
  7948 | D:7      | Reached skill level 5 in Spellcasting
  7974 | D:8      | Reached skill level 5 in Conjurations
  8052 | D:8      | Reached skill level 6 in Maces & Flails
  8304 | D:8      | Noticed Psyche
  8332 | D:8      | Killed Psyche
  8332 | D:8      | Reached skill level 5 in Dodging
  8357 | D:8      | Learned a level 5 spell: Fireball
  8558 | D:8      | Reached skill level 7 in Maces & Flails
  8885 | D:8      | Noticed Erica
  8895 | D:8      | Killed Erica
  8895 | D:8      | Reached XP level 10. HP: 64/79 MP: 9/18
  9305 | D:8      | Noticed idontknow's ghost (novice GrMo)
  9365 | D:8      | Killed idontknow's ghost
  9379 | D:8      | Demolished by a komodo dragon

Vault maps used:
D:1:      evilmike_arrival_run_for_it
D:2:      tgw_trog, chequers_ecumenical_altar_simple, minmay_cupped,
          uniq_jessica
D:3:      kennysheep_generic_room_3
D:4:      cheibrodos_quashed, nicolae_qazlal_style_of_elements,
          amethyst_overflow_temple_binary, uniq_edmund
D:5:      gammafunk_temple_overflow_statue,
          minmay_temple_entry_statues_fountains, serial_undead, serial_undead_f,
          serial_undead_a, serial_undead_a, serial_undead_c, serial_undead_d,
          first_bread, yredelemnul_altar_generic
D:6:      uniq_eustachio
D:7:      serial_bayou, serial_bayou_pond_a, serial_bayou_ford_a,
          serial_bayou_pond_e, serial_bayou_lagoon_a
D:8:      david_lair_shrubbed, hangedman_pestilent_swarm, minivault_27,
          uniq_psyche, uniq_erica
Temple:   dpeg_chambers_temple

Skill      XL: |  1  2  3  4  5  6  7  8  9 10 |
---------------+-------------------------------+-----
Dodging        | 2 3 4 5 |  5.5
Stealth        | 2 3 |  3.3
Fighting       | 1 2 3 4 |  4.6
Maces & Flails | 1 2 4 5 7 |  7.6
Fire Magic     | 4 5 6 |  6.6
Conjurations   | 2 3 4 5 6 |  6.1
Spellcasting   | 3 4 5 6 |  6.1
Polearms       | |  0.4
Throwing       | |  0.1

Action                   |  1- 3 |  4- 6 |  7- 9 | 10-12 || total
-------------------------+-------+-------+-------+-------++-------
Melee: Spear             |    29 |       |       |       ||    29
       Tailslap          |     2 |    12 |    26 |     5 ||    45
       Club              |    24 |       |       |       ||    24
       Whip              |     3 |   125 |       |       ||   128
       Flail             |       |    41 |   234 |    28 ||   303
Throw: Stone             |    13 |    11 |       |       ||    24
 Cast: Flame Tongue      |    36 |    82 |   132 |    15 ||   265
       Conjure Flame     |     1 |       |     8 |     4 ||    13
       Throw Flame       |       |    10 |    17 |     2 ||    29
       Sticky Flame      |       |       |     6 |     1 ||     7
  Use: Scroll            |       |     5 |       |       ||     5
       Potion            |       |       |       |     2 ||     2
 Stab: Sleeping          |       |     2 |     1 |       ||     3
  Eat: Chunk             |     2 |     7 |     5 |     1 ||    15
       Meat ration       |     1 |       |     2 |       ||     3
       Fruit             |       |       |     1 |       ||     1
Armor: Skin              |    35 |    72 |   135 |    14 ||   256
Dodge: Dodged            |    75 |   126 |   246 |    20 ||   467
